[ AOE2 MATCH · #495462572 ]
UnrankedChinese vs Bulgarians
Player's team · WIN
[ REPLAY ANALYSIS · EXTRACTED FROM THE RECORDED GAME ]
Feudal
10:29
Castle
20:42
Imperial
—
| APM avg | 51.2 |
| APM peak | 74 |
| eAPM avg | 30.6 |
| Villagers / military | 163 / 131 |
Focus
⚔️ 42.5% · 🌾 57.5%
Chu Ko Nu ×50 · Scout Cavalry ×48 · Battering Ram ×11 · Skirmisher ×9 · Cavalry Archer ×6 · Monk ×4
Feudal
9:21
Castle
23:14
Imperial
—
| APM avg | 49.0 |
| APM peak | 79 |
| eAPM avg | 24.6 |
| Villagers / military | 84 / 135 |
Focus
⚔️ 35.9% · 🌾 64.1%
Skirmisher ×61 · Konnik ×48 · Militia ×12 · Spearman ×8 · Knight ×6
Match map
Initial resources + every placement click. Lines = walls · curves = elevation contours. ◆ gold · ⬟ stone · ● berries · ✦ relic · ◌ wall gap
Your base· Open — 2t gap
(***AlBy_Bkr***)'s base· Open — unwalled flank
Smoothed initial terrain · ◌ = detected wall gap · hover for details
Inputs per minute
— buddybadi - - (***AlBy_Bkr***)
Build order — buddybadi
First 150 of 474 actions detected
| 0:08 | Research | Loom |
| 0:44 | Create | Villager (Male) |
| 1:12 | Create | Villager (Male) |
| 1:35 | Create | Villager (Male) |
| 1:59 | Create | Villager (Male) |
| 2:29 | Create | Villager (Male) |
| 2:31 | Build | Lumber Camp |
| 2:47 | Create | Villager (Male) |
| 3:07 | Create | Villager (Male) |
| 3:21 | Build | House |
| 3:44 | Create | Villager (Male) |
| 3:45 | Create | Villager (Male) |
| 3:50 | Build | House |
| 4:29 | Build | Palisade Wall |
| 4:30 | Create | Villager (Male) |
| 4:48 | Create | Villager (Male) |
| 5:02 | Build | Palisade Wall |
| 5:04 | Build | Palisade Wall |
| 5:12 | Build | Palisade Wall |
| 5:19 | Create | Villager (Male) |
| 5:27 | Build | Palisade Wall |
| 5:35 | Build | Mill |
| 5:37 | Create | Villager (Male) |
| 6:05 | Create | Villager (Male) |
| 6:27 | Build | Palisade Wall |
| 6:36 | Create | Villager (Male) |
| 6:42 | Build | Mining Camp |
| 7:04 | Create | Villager (Male) |
| 7:24 | Create | Villager (Male) |
| 7:34 | Build | House |
| 7:46 | Build | Palisade Wall |
| 7:53 | Create | Villager (Male) |
| 7:55 | Build | Palisade Wall |
| 8:11 | Build | Palisade Wall |
| 8:16 | Research | Feudal Age |
| 8:24 | Build | Lumber Camp |
| 8:50 | Build | Palisade Wall |
| 9:34 | Create | Villager (Male) |
| 10:00 | Create | Villager (Male) |
| 10:08 | Build | Barracks |
| 10:27 | Build | House |
| 10:29 | Age | Feudal Age |
| 10:34 | Build | Watch Tower |
| 10:39 | Create | Villager (Male) |
| 10:59 | Research | Double-Bit Axe |
| 11:07 | Create | Villager (Male) |
| 11:10 | Build | Watch Tower |
| 11:27 | Create | Villager (Male) |
| 11:29 | Build | Archery Range |
| 11:54 | Create | Villager (Male) |
| 12:14 | Research | Horse Collar |
| 12:18 | Create | Skirmisher |
| 12:21 | Build | Market |
| 12:21 | Create | Villager (Male) |
| 12:30 | Build | Palisade Wall |
| 12:32 | Build | Palisade Wall |
| 12:33 | Build | Palisade Wall |
| 12:46 | Build | House |
| 12:48 | Build | Palisade Wall |
| 13:04 | Create | Skirmisher |
| 13:10 | Create | Villager (Male) |
| 13:12 | Build | Farm |
| 13:12 | Build | Farm |
| 13:14 | Build | House |
| 13:30 | Create | Villager (Male) |
| 13:32 | Create | Skirmisher |
| 13:42 | Build | House |
| 13:43 | Create | Skirmisher |
| 13:48 | Build | House |
| 14:11 | Create | Villager (Male) |
| 14:14 | Build | Farm |
| 14:17 | Create | Skirmisher |
| 14:19 | Build | Farm |
| 14:24 | Build | House |
| 14:25 | Build | House |
| 14:32 | Create | Villager (Male) |
| 14:38 | Build | Farm |
| 14:51 | Create | Archer |
| 14:59 | Create | Villager (Male) |
| 15:20 | Build | House |
| 15:22 | Create | Villager (Male) |
| 15:23 | Build | Farm |
| 15:24 | Build | Farm |
| 15:46 | Create | Villager (Male) |
| 15:47 | Create | Skirmisher |
| 15:51 | Build | Farm |
| 16:11 | Create | Skirmisher |
| 16:14 | Create | Villager (Male) |
| 16:33 | Build | Farm |
| 16:35 | Build | Farm |
| 16:38 | Create | Skirmisher |
| 16:39 | Create | Villager (Male) |
| 16:56 | Build | Blacksmith |
| 17:25 | Create | Villager (Male) |
| 17:51 | Build | Farm |
| 17:53 | Build | Farm |
| 17:55 | Build | Farm |
| 17:56 | Build | Farm |
| 17:57 | Build | Farm |
| 18:03 | Research | Castle Age |
| 18:15 | Build | Farm |
| 18:26 | Build | House |
| 18:27 | Build | House |
| 18:29 | Build | House |
| 18:39 | Create | Skirmisher |
| 18:44 | Research | Fletching |
| 19:06 | Build | House |
| 19:32 | Create | Villager (Male) |
| 19:58 | Build | House |
| 20:03 | Build | Farm |
| 20:42 | Age | Castle Age |
| 20:48 | Build | Town Center |
| 20:51 | Create | Villager (Male) |
| 20:57 | Build | Town Center |
| 21:21 | Create | Villager (Male) |
| 21:22 | Research | Bow Saw |
| 21:23 | Research | Heavy Plow |
| 21:25 | Research | Wheelbarrow |
| 21:43 | Build | Palisade Wall |
| 21:52 | Create | Villager (Male) |
| 21:57 | Create | Cavalry Archer |
| 21:57 | Create | Cavalry Archer |
| 22:02 | Create | Villager (Male) |
| 22:03 | Create | Villager (Male) |
| 22:10 | Build | House |
| 22:11 | Build | House |
| 22:12 | Build | House |
| 22:13 | Build | House |
| 22:16 | Build | House |
| 22:17 | Build | House |
| 22:17 | Build | House |
| 22:18 | Create | Villager (Male) |
| 22:19 | Create | Villager (Male) |
| 22:27 | Create | Villager (Male) |
| 22:27 | Create | Villager (Male) |
| 22:47 | Build | Farm |
| 22:47 | Build | Farm |
| 22:47 | Build | Farm |
| 22:48 | Build | Farm |
| 22:48 | Build | Farm |
| 23:02 | Create | Villager (Male) |
| 23:16 | Create | Villager (Male) |
| 23:17 | Create | Villager (Male) |
| 23:18 | Create | Cavalry Archer |
| 23:18 | Create | Cavalry Archer |
| 23:21 | Build | Farm |
| 23:49 | Build | Watch Tower |
| 23:53 | Create | Villager (Male) |
| 23:54 | Create | Villager (Male) |
| 24:02 | Build | House |
Build order — (***AlBy_Bkr***)
First 150 of 355 actions detected
| 0:00 | Create | Villager (Male) |
| 0:00 | Create | Villager (Male) |
| 0:01 | Create | Villager (Male) |
| 0:01 | Create | Villager (Male) |
| 0:02 | Build | House |
| 0:03 | Build | House |
| 1:27 | Create | Villager (Male) |
| 2:00 | Create | Villager (Male) |
| 2:00 | Create | Villager (Male) |
| 2:13 | Create | Villager (Male) |
| 2:51 | Create | Villager (Male) |
| 2:52 | Create | Villager (Male) |
| 3:09 | Build | Lumber Camp |
| 3:16 | Create | Villager (Male) |
| 3:16 | Create | Villager (Male) |
| 3:51 | Create | Villager (Male) |
| 3:51 | Create | Villager (Male) |
| 3:54 | Build | House |
| 4:01 | Create | Villager (Male) |
| 4:33 | Create | Villager (Male) |
| 4:34 | Create | Villager (Male) |
| 5:14 | Create | Villager (Male) |
| 5:15 | Create | Villager (Male) |
| 5:51 | Create | Villager (Male) |
| 5:51 | Research | Loom |
| 6:28 | Build | Barracks |
| 6:46 | Build | House |
| 7:10 | Research | Feudal Age |
| 7:10 | Research | Feudal Age |
| 7:17 | Create | Militia |
| 7:17 | Create | Militia |
| 7:17 | Create | Militia |
| 8:06 | Create | Militia |
| 8:07 | Create | Militia |
| 8:13 | Build | Palisade Wall |
| 8:34 | Create | Villager (Male) |
| 8:45 | Build | Mill |
| 8:48 | Build | House |
| 9:09 | Create | Villager (Male) |
| 9:21 | Age | Feudal Age |
| 9:25 | Build | Archery Range |
| 9:48 | Build | Palisade Wall |
| 9:50 | Build | Palisade Wall |
| 9:51 | Build | Palisade Wall |
| 9:52 | Build | Palisade Wall |
| 9:59 | Create | Villager (Male) |
| 10:11 | Build | Blacksmith |
| 10:27 | Build | Watch Tower |
| 10:29 | Create | Skirmisher |
| 10:31 | Create | Villager (Male) |
| 10:42 | Build | Outpost |
| 10:48 | Research | Arson |
| 10:52 | Create | Villager (Male) |
| 10:53 | Build | Farm |
| 11:08 | Create | Skirmisher |
| 11:12 | Build | Farm |
| 11:25 | Create | Skirmisher |
| 11:37 | Build | House |
| 11:46 | Research | Scale Mail Armor |
| 11:46 | Research | Scale Mail Armor |
| 11:59 | Build | Watch Tower |
| 12:03 | Create | Villager (Male) |
| 12:05 | Build | Farm |
| 12:05 | Build | Farm |
| 12:41 | Research | Padded Archer Armor |
| 12:42 | Research | Padded Archer Armor |
| 12:43 | Research | Forging |
| 12:44 | Research | Forging |
| 12:46 | Build | Farm |
| 12:47 | Build | Farm |
| 12:52 | Build | House |
| 12:53 | Build | Palisade Wall |
| 13:17 | Create | Villager (Male) |
| 13:19 | Build | Farm |
| 13:19 | Build | Farm |
| 13:20 | Create | Villager (Male) |
| 13:45 | Create | Villager (Male) |
| 13:47 | Build | Farm |
| 14:16 | Create | Villager (Male) |
| 14:17 | Build | Farm |
| 14:18 | Build | Farm |
| 14:33 | Create | Skirmisher |
| 14:33 | Create | Skirmisher |
| 14:39 | Build | Palisade Wall |
| 14:39 | Build | Palisade Wall |
| 14:39 | Build | Palisade Wall |
| 14:44 | Research | Padded Archer Armor |
| 14:44 | Research | Padded Archer Armor |
| 14:44 | Create | Villager (Male) |
| 14:55 | Build | House |
| 14:59 | Build | Palisade Wall |
| 15:01 | Build | Palisade Wall |
| 15:15 | Create | Skirmisher |
| 15:34 | Create | Villager (Male) |
| 15:34 | Create | Villager (Male) |
| 15:35 | Build | Farm |
| 15:36 | Build | Farm |
| 15:56 | Build | House |
| 16:03 | Create | Villager (Male) |
| 16:03 | Create | Villager (Male) |
| 16:33 | Create | Villager (Male) |
| 16:35 | Build | Mining Camp |
| 16:46 | Create | Skirmisher |
| 16:48 | Create | Villager (Male) |
| 16:54 | Build | Farm |
| 16:55 | Build | Farm |
| 17:00 | Build | House |
| 17:32 | Create | Skirmisher |
| 17:33 | Create | Skirmisher |
| 17:33 | Create | Skirmisher |
| 17:39 | Create | Villager (Male) |
| 17:42 | Research | Fletching |
| 17:42 | Research | Fletching |
| 17:43 | Create | Villager (Male) |
| 17:59 | Build | House |
| 18:10 | Create | Villager (Male) |
| 18:12 | Build | Farm |
| 18:12 | Build | Farm |
| 19:05 | Create | Villager (Male) |
| 19:05 | Create | Villager (Male) |
| 19:41 | Build | Market |
| 19:43 | Build | Palisade Wall |
| 19:49 | Build | Market |
| 19:58 | Build | Stable |
| 20:08 | Research | Town Watch |
| 20:23 | Build | Mining Camp |
| 20:33 | Research | Castle Age |
| 20:38 | Research | Double-Bit Axe |
| 20:38 | Research | Double-Bit Axe |
| 20:52 | Create | Militia |
| 20:52 | Create | Militia |
| 21:20 | Create | Militia |
| 21:34 | Create | Villager (Male) |
| 21:46 | Create | Militia |
| 21:47 | Create | Militia |
| 21:58 | Build | Palisade Wall |
| 22:05 | Build | Stable |
| 22:14 | Create | Villager (Male) |
| 22:19 | Build | House |
| 22:48 | Create | Militia |
| 22:49 | Create | Militia |
| 23:14 | Age | Castle Age |
| 23:15 | Create | Knight ×4 |
| 23:18 | Research | Scale Barding Armor |
| 23:18 | Research | Scale Barding Armor |
| 23:19 | Create | Villager (Male) |
| 23:42 | Build | Krepost |
| 23:47 | Create | Skirmisher |
| 24:13 | Build | Krepost |
| 24:24 | Build | Krepost |
Match timeline
| 4:29 | buddybadi · wall_segment Palisade Wall x5 |
| 5:02 | buddybadi · wall_segment Palisade Wall x1 |
| 5:04 | buddybadi · wall_segment Palisade Wall x1 |
| 5:12 | buddybadi · wall_segment Palisade Wall x9 |
| 5:27 | buddybadi · wall_segment Palisade Wall x5 |
| 6:27 | buddybadi · wall_segment Palisade Wall x6 |
| 6:28 | (***AlBy_Bkr***) · first_building Barracks |
| 7:46 | buddybadi · wall_segment Palisade Wall x7 |
| 7:55 | buddybadi · wall_segment Palisade Wall x2 |
| 8:11 | buddybadi · wall_segment Palisade Wall x1 |
| 8:13 | (***AlBy_Bkr***) · wall_segment Palisade Wall x1 |
| 8:50 | buddybadi · wall_segment Palisade Wall x1 |
| 9:21 | (***AlBy_Bkr***) · age_up feudal |
| 9:25 | (***AlBy_Bkr***) · first_building Archery Range |
| 9:48 | (***AlBy_Bkr***) · wall_segment Palisade Wall x1 |
| 9:50 | (***AlBy_Bkr***) · wall_segment Palisade Wall x1 |
| 9:51 | (***AlBy_Bkr***) · wall_segment Palisade Wall x1 |
| 9:52 | (***AlBy_Bkr***) · wall_segment Palisade Wall x1 |
| 10:08 | buddybadi · first_building Barracks |
| 10:29 | buddybadi · age_up feudal |
| 11:29 | buddybadi · first_building Archery Range |
| 12:30 | buddybadi · wall_segment Palisade Wall x1 |
| 12:32 | buddybadi · wall_segment Palisade Wall x1 |
| 12:33 | buddybadi · wall_segment Palisade Wall x1 |
| 12:48 | buddybadi · wall_segment Palisade Wall x1 |
| 12:53 | (***AlBy_Bkr***) · wall_segment Palisade Wall x13 |
| 13:38 | buddybadi · first_market_buy 100 food |
| 14:39 | (***AlBy_Bkr***) · wall_segment Palisade Wall x1 |
| 14:39 | (***AlBy_Bkr***) · wall_segment Palisade Wall x1 |
| 14:39 | (***AlBy_Bkr***) · wall_segment Palisade Wall x1 |
| 14:59 | (***AlBy_Bkr***) · wall_segment Palisade Wall x8 |
| 15:01 | (***AlBy_Bkr***) · wall_segment Palisade Wall x3 |
| 19:43 | (***AlBy_Bkr***) · wall_segment Palisade Wall x1 |
| 19:58 | (***AlBy_Bkr***) · first_building Stable |
| 20:42 | buddybadi · age_up castle |
| 21:43 | buddybadi · wall_segment Palisade Wall x1 |
| 21:58 | (***AlBy_Bkr***) · wall_segment Palisade Wall x1 |
| 23:14 | (***AlBy_Bkr***) · age_up castle |
| 23:21 | (***AlBy_Bkr***) · first_market_buy 100 stone |
| 23:42 | (***AlBy_Bkr***) · first_building Krepost |
| 25:03 | (***AlBy_Bkr***) · first_market_sell 100 food |
| 25:56 | buddybadi · first_building Monastery |
| 26:26 | buddybadi · wall_segment Palisade Wall x1 |
| 26:45 | buddybadi · wall_segment Palisade Wall x1 |
| 26:48 | buddybadi · wall_segment Palisade Wall x1 |
| 27:55 | buddybadi · first_building Castle |
| 31:47 | buddybadi · first_building Siege Workshop |
| 33:23 | buddybadi · wall_segment Stone Wall x1 |
| 38:58 | buddybadi · first_building Stable |
| 42:09 | buddybadi · first_market_sell 100 food |
| 48:15 | (***AlBy_Bkr***) · wall_segment Palisade Wall x1 |
| 48:26 | (***AlBy_Bkr***) · resign |
[ AI ANALYSIS · 1 CREDIT ]
What really happened in this match?
Wolo.gg analyzes every decision: build order, eco, micro, common mistakes by bracket. Personalized analysis on WhatsApp or Discord in 30 seconds.
Civ guide
Chinese
Perfil
buddybadi